[Event "*** Titled Tuesday Blitz"]
[Site "Chess.com"]
[Date "2020.05.12"]
[Round "2"]
[White "mamey78"]
[Black "Tooweak2slow03"]
[Result "1-0"]
[WhiteElo "2350"]
[BlackElo "2614"]
[TimeControl "180+1"]
[EndTime "10:15:49 PDT"]
[Termination "mamey78 won by resignation"]

1. e4 e6 2. d4 d5 3. exd5 exd5 4. c4 Nf6 5. Nc3 Bb4 6. Nf3 Bg4 7. h3 Bh5 8. g4 Bg6 9. Ne5 Nbd7 10. Bg2 Nxe5 11.
dxe5 Ne4 12. Qa4+ Qd7 13. Qxb4 c5 14. Qb5 Nxc3 15. Qxd7+ Kxd7 16. bxc3 Rhe8 17. f4 Be4 18. Bxe4 dxe4 19. Be3 Kc6 20. O-O-O a6 21. Rd6+ Kc7 22.
Bxc5 Rac8 23. Bb6+ Kb8 24. c5 e3 25. Re1 h5 26. Rxe3 hxg4 27. hxg4 Rh8 28. f5 Rh2 29. e6 fxe6 30. fxe6 1-0

[Event "*** Titled Tuesday Blitz"]
[Site "Chess.com"]
[Date "2020.05.12"]
[Round "2"]
[White "Aradej"]
[Black "atwalcb"]
[Result "0-1"]
[WhiteElo "2506"]
[BlackElo "2300"]
[TimeControl "180+1"]
[EndTime "10:15:49 PDT"]
[Termination "atwalcb won by resignation"]

1. e4 d6 2. d4 Nf6 3. Nc3 Nbd7 4.
g4 h6 5. h3 e5 6. Nge2 c6 7.
Bg2 b5 8. Ng3 g6 9. O-O Bg7 10.
Nce2 Qe7 11. f4 O-O 12. c3 Bb7 13. Kh1 a5 14. Bd2 Nb6 15. g5 hxg5 16. fxg5 Nfd7 17. h4 Nc4 18. Bc1 exd4 19. Nxd4 Nde5 20. b3 Nb6 21. Bf4 b4 22. c4 c5 23. Nb5 Rad8 24. Qd2 Nc6 25.
Rad1 Nd4 26. Nxd4 Bxd4 27. a4 Bc8 28. Bf3 Bh3 29. Rfe1 Nd7 30. Kh2 Be6 31. Nf5 gxf5 32. exf5 Ne5 33. Bg2 Bxf5 34. Qe2 Bg4 35. Qxg4 0-1

[Event "*** Titled Tuesday Blitz"]
[Site "Chess.com"]
[Date "2020.05.12"]
[Round "2"]
[White "Berardino"]
[Black "Mimsychess"]
[Result "1-0"]
[WhiteElo "2624"]
[BlackElo "2325"]
[TimeControl "180+1"]
[EndTime "10:15:50 PDT"]
[Termination "Berardino won by resignation"]

1. e4 c5 2. Nf3 e6 3. d4 cxd4 4. Nxd4 Nc6 5. Nc3 Qc7 6. Be2 a6 7. O-O Nf6 8. Kh1 Nxd4 9. Qxd4 Bc5 10. Qd3 b5 11. f4 Bb7 12. Bf3 d6 13. e5 dxe5 14.
fxe5 Nd7 15. Bxb7 Qxb7 16. Ne4 O-O-O 17. Bg5 Rde8 18. Rxf7 Nxe5 19. Rxb7 Nxd3 20. Rf7 h6 21. cxd3 1-0

[Event "*** Titled Tuesday Blitz"]
[Site "Chess.com"]
[Date "2020.05.12"]
[Round "2"]
[White "Sanyura"]
[Black "allvim"]
[Result "1-0"]
[WhiteElo "2508"]
[BlackElo "2279"]
[TimeControl "180+1"]
[EndTime "10:15:51 PDT"]
[Termination "Sanyura won by checkmate"]

1. Nf3 Nf6 2. g3 g6 3. d3 Bg7 4.
Nbd2 O-O 5. Bg2 d6 6. O-O Nbd7 7. e4 e5 8. Ne1 c6 9. f4 a5 10. f5 Qb6+ 11. Kh1 d5 12. exd5 cxd5 13. c4 h5 14. cxd5 Ng4 15. Qe2 Ne3 16. Nc4 Nxc4 17. dxc4 Nf6 18. Be3 Qc7 19. c5 Bxf5 20. d6 Qd7 21.
Nd3 Ng4 22. Bg1 Rac8 23. h3 Nh6 24. Nxe5 Bxe5 25. Qxe5 Bxh3 26. Bd4 Bxg2+ 27. Kxg2 f6 28. Rxf6 Rxf6 29. Qxf6 Kh7 30. Re1 Qc6+ 31. Kg1 Nf5 32.
Re7+ Kh6 33. Be3+ Nxe3 34. Qf4+ g5 35. Qf6# 1-0

[Event "*** Titled Tuesday Blitz"]
[Site "Chess.com"]
[Date "2020.05.12"]
[Round "2"]
[White "BikingBrian"]
[Black "2346PL"]
[Result "0-1"]
[WhiteElo "2234"]
[BlackElo "2461"]
[TimeControl "180+1"]
[EndTime "10:15:53 PDT"]
[Termination "2346PL won by resignation"]

1. d4 f5 2. Nc3 Nf6 3. Bg5 d5 4. e3 e6 5. Nf3 Be7 6. Bd3 O-O 7. O-O h6 8. Bf4 g5 9. Be5 Nbd7 10. Ne2 g4 11.
Nh4 Nxe5 12. dxe5 Nd7 13. Ng6 Re8 14. Nef4 Bg5 15. f3 Bxf4 16. Nxf4 Nxe5 17. fxg4 Nxg4 18. Qf3 Qg5 19. Rae1 c6 20. Nh3 Qg7 21. Nf4 Bd7 22.
h3 Nf6 23. Nh5 Nxh5 24. Qxh5 Qg5 25. Qf3 Kh8 26. Kh2 Rg8 27. Rg1 e5 28. g3 e4 29. Qf4 Qxf4 30. exf4 exd3 0-1

[Event "*** Titled Tuesday Blitz"]
[Site "Chess.com"]
[Date "2020.05.12"]
[Round "2"]
[White "CroissantNeuf"]
[Black "Quiet_Desperation"]
[Result "1-0"]
[WhiteElo "2358"]
[BlackElo "1880"]
[TimeControl "180+1"]
[EndTime "10:15:53 PDT"]
[Termination "CroissantNeuf won by resignation"]

1. Nf3 Nf6 2. g3 e6 3. Bg2 d6 4. d4 g6 5. O-O Bg7 6. c4 O-O 7. Nc3 b6 8. e4 Bb7 9. Re1 Nbd7 10. b3 e5 11. Bb2 a5 12. Qc2 Nh5 13. Rad1 exd4 14.
Nxd4 Nc5 15. Nd5 c6 16. Ne3 Qc7 17. Rd2 Rae8 18. Red1 Re7 19. Ndf5 gxf5 20. Nxf5 Re6 21. Rxd6 Rxd6 22. Rxd6 Rd8 23. Bxg7 Rxd6 24. Be5 1-0

[Event "*** Titled Tuesday Blitz"]
[Site "Chess.com"]
[Date "2020.05.12"]
[Round "2"]
[White "barbara25"]
[Black "Rozum_Ivan"]
[Result "0-1"]
[WhiteElo "2303"]
[BlackElo "2603"]
[TimeControl "180+1"]
[EndTime "10:15:55 PDT"]
[Termination "Rozum_Ivan won by resignation"]

1. e4 c6 2. d4 d5 3. f3 g6 4. Nc3 Bg7 5. Nge2 dxe4 6. fxe4 e5 7.
Be3 Nf6 8. Qd2 exd4 9. Nxd4 Ng4 10. Bg1 O-O 11. h3 Qh4+ 12. Ke2 Rd8 13. Qd3 Ne5 14. Nf3 Nxd3 15. Nxh4 Nxb2 16. Nd1 Nc4 17. Rb1 Nd2 18. Rb4 Nxf1 19. Bf2 Nd2 20. Ne3 a5 0-1

[Event "*** Titled Tuesday Blitz"]
[Site "Chess.com"]
[Date "2020.05.12"]
[Round "2"]
[White "TigranMukhutdinov"]
[Black "katchesskat"]
[Result "0-1"]
[WhiteElo "2421"]
[BlackElo "2226"]
[TimeControl "180+1"]
[EndTime "10:16:02 PDT"]
[Termination "katchesskat won by resignation"]

1. Nf3 c5 2. e4 e6 3. d4 cxd4 4. Nxd4 a6 5. Nc3 Qc7 6. Qf3 Nf6 7. Qg3 d6 8. f4 Nbd7 9. Bd3 b5 10. a3 Bb7 11. O-O g6 12. Be3 h5 13. h3 h4 14.
Qf2 Be7 15. f5 gxf5 16. exf5 e5 17. Nb3 Rg8 18. Rae1 Rxg2+ 19. Qxg2 Bxg2 20. Kxg2 O-O-O 21. Ne4 Rg8+ 22. Kh1 Nxe4 23. Bxe4 Nf6 24. Bf3 Rg3 25. Nd2 Rxh3+ 26. Kg2 Rg3+ 27. Kf2 d5 28. Rg1 e4 29. Be2 Rxe3 0-1

[Event "*** Titled Tuesday Blitz"]
[Site "Chess.com"]
[Date "2020.05.12"]
[Round "2"]
[White "MichailovM"]
[Black "Colombiano07"]
[Result "0-1"]
[WhiteElo "2412"]
[BlackElo "2198"]
[TimeControl "180+1"]
[EndTime "10:16:02 PDT"]
[Termination "Colombiano07 won by resignation"]

1. e4 c5 2. Nf3 Nc6 3. d4 cxd4 4. Nxd4 Nf6 5. Nc3 g6 6. Be2 Bg7 7. Be3 O-O 8. O-O d5 9. exd5 Nxd5 10. Nxd5 Qxd5 11.
Bf3 Qc4 12. Nxc6 bxc6 13. c3 Rb8 14. Qd2 a5 15. a4 Bf5 16. Rfd1 h5 17. h3 Qb3 18.
Bd4 Rfd8 19. Qe3 Bxd4 20. Rxd4 Qxb2 21. Re1 Rxd4 22. cxd4 e6 23. Bxc6 Rd8 24. d5 exd5 25. Qa7 d4 26. Re7 Qc1+ 27. Kh2 Qxc6 28. Rxf7 Qd6+ 29.
g3 Rd7 30. Rxd7 Qxd7 31. Qxa5 d3 32. Qd2 Qxa4 33. f3 Qc2 0-1

[Event "*** Titled Tuesday Blitz"]
[Site "Chess.com"]
[Date "2020.05.12"]
[Round "2"]
[White "heartofatiger"]
[Black "salomez"]
[Result "1-0"]
[WhiteElo "2457"]
[BlackElo "2224"]
[TimeControl "180+1"]
[EndTime "10:16:04 PDT"]
[Termination "heartofatiger won by resignation"]

1. d4 Nf6 2. c4 g6 3. Nc3 d5 4. cxd5 Nxd5 5. e4 Nxc3 6. bxc3 Bg7 7. Be3 c5 8. Qd2 O-O 9. Rc1 Qd6 10. Nf3 Nd7 11.
e5 Qc7 12. Be2 b6 13. h4 h5 14. Bh6 Bb7 15. Bxg7 Kxg7 16. O-O Rac8 17. Rfe1 Bd5 18. Ng5 Rfd8 19. Ba6 Rb8 20. e6 fxe6 21. Rxe6 Nf6 22. Rce1 Re8 23. R6e5 cxd4 24. Rxd5 dxc3 25. Ne6+ Kf7 26.
Qh6 1-0

[Event "*** Titled Tuesday Blitz"]
[Site "Chess.com"]
[Date "2020.05.12"]
[Round "2"]
[White "spela91"]
[Black "Bacyanide"]
[Result "0-1"]
[WhiteElo "2079"]
[BlackElo "2395"]
[TimeControl "180+1"]
[EndTime "10:16:06 PDT"]
[Termination "Bacyanide won by resignation"]

1. d4 d5 2. c4 e6 3. Nc3 c5 4. cxd5 exd5 5. Nf3 Nf6 6. e3 Nc6 7. Be2 c4 8. O-O Bb4 9. Bd2 O-O 10. a3 Bxc3 11. Bxc3 Re8 12. b3 Ne4 13. Qc2 b5 14.
bxc4 bxc4 15. Nd2 Bf5 16. Nxe4 Bxe4 17. Qa4 Qg5 18. g3 Re6 19. Rfe1 Rh6 20. Bf1 Qh5 21. h3 Qf3 0-1

[Event "*** Titled Tuesday Blitz"]
[Site "Chess.com"]
[Date "2020.05.12"]
[Round "2"]
[White "abeljusto"]
[Black "PhileKhoob"]
[Result "0-1"]
[WhiteElo "2202"]
[BlackElo "2439"]
[TimeControl "180+1"]
[EndTime "10:16:07 PDT"]
[Termination "PhileKhoob won by resignation"]

1. d4 Nf6 2. Nf3 g6 3. c4 Bg7 4. Nc3 d5 5. Bf4 O-O 6. e3 c5 7. Be2 Nc6 8. dxc5 dxc4 9. Qxd8 Rxd8 10. Bxc4 Nd7 11. Na4 Nde5 12. Nxe5 Nxe5 13. Rc1 Bd7 14. Bxe5 Bxe5 15. Nc3 Rdc8 16. b4 a5 17. a3 axb4 18.
axb4 Bxc3+ 19. Rxc3 Ra1+ 0-1

[Event "*** Titled Tuesday Blitz"]
[Site "Chess.com"]
[Date "2020.05.12"]
[Round "2"]
[White "cukin84"]
[Black "Everyfishknows"]
[Result "1/2-1/2"]
[WhiteElo "2115"]
[BlackElo "2397"]
[TimeControl "180+1"]
[EndTime "10:16:08 PDT"]
[Termination "Game drawn by agreement"]

1. e4 e5 2. Nf3 Nc6 3. c3 d5 4. Qa4 Bd7 5. exd5 Nd4 6. Qd1 Nxf3+ 7.
Qxf3 Nf6 8. c4 c6 9. Nc3 Bc5 10. h3 O-O 11. d3 h6 12. Be2 Bb4 13. Bd2 cxd5 14. Nxd5 Bxd2+ 15. Kxd2 Bc6 16. Nxf6+ gxf6 17. Qg4+ Kh8 18. Qh4 Kg7 19. Qg4+ Kh8 20. Qh4 Kg7 21. f3 f5 22. Qxd8 Raxd8 23. Ke3 f4+ 24. Kf2 Rd4 25.
b3 Rfd8 26. h4 Bd7 27. g3 fxg3+ 28. Kxg3 Bf5 29. Rag1 Bxd3 30. Bxd3 Rxd3 31. Rg2 Rd2 32. Rhg1 f5 33. Rxd2 Rxd2 34. Rg2 Rxg2+ 35. Kxg2 a5 36. a3 Kf6 37. Kf2 Ke6 38. Ke3 Kd6 39. b4 axb4 40. axb4 b6 41. h5 Kc6 42. Kd3 1/2-1/2

[Event "*** Titled Tuesday Blitz"]
[Site "Chess.com"]
[Date "2020.05.12"]
[Round "2"]
[White "Kirill_Klukin"]
[Black "GMsKoRPioN"]
[Result "1-0"]
[WhiteElo "2706"]
[BlackElo "2465"]
[TimeControl "180+1"]
[EndTime "10:16:10 PDT"]
[Termination "Kirill_Klukin won by resignation"]

1. d4 d6 2. Nf3 g6 3. e3 Bg7 4. Be2 Nf6 5. O-O O-O 6. c4 Nc6 7. b3 e5 8. dxe5 Ng4 9. Bb2 Ngxe5 10. Nc3 Nxf3+ 11. Bxf3 Bd7 12. Qd2 Rb8 13. Rad1 a6 14. Nd5 Ne5 15. Be2 f6 16. h3 Nc6 17. Bc3 Ne7 18. Nf4 b5 19. Qb2 b4 20. Bd2 f5 21. Qc2 Nc6 22. Bc1 Ne5 23. c5 Bb5 24. Ne6 Qf6 25. Nxf8 Rxf8 26. cxd6 cxd6 27. Bxb5 axb5 28.
Bb2 Nf3+ 29. gxf3 Qxb2 30. Qxb2 Bxb2 31. Rxd6 Ra8 32. Rfd1 Rxa2 33. R6d2 Ra1 34. Rxa1 Bxa1 35. Rd5 Bc3 36. Rxb5 Kg7 37. Kf1 h5 38. Ke2 h4 39. e4 fxe4 40. fxe4 Kf7 41. f4 Ke7 42. Kf3 Kf7 43. Kg4 Be1 44. Kg5 Bd2 45. Rb7+ Kf8 46. Kxg6 Bxf4 47. Rf7+ 1-0

[Event "*** Titled Tuesday Blitz"]
[Site "Chess.com"]
[Date "2020.05.12"]
[Round "2"]
[White "amiralfio"]
[Black "EvgenyRomanov"]
[Result "1-0"]
[WhiteElo "2460"]
[BlackElo "2648"]
[TimeControl "180+1"]
[EndTime "10:16:11 PDT"]
[Termination "amiralfio won by resignation"]

1. e4 c6 2. Nc3 d5 3. Nf3 Bg4 4. h3 Bxf3 5. gxf3 e6 6. d4 Nd7 7. Be3 Qb6 8. Qd2 Qxb2 9. Rb1 Qa3 10. Bd3 Qa5 11. O-O Qc7 12. f4 dxe4 13. Nxe4 Nh6 14. Ng3 Bd6 15. Kg2 O-O 16. f5 Nxf5 17. Bxf5 exf5 18. Nxf5 Rfe8 19. Rg1 Bf8 20. Kh1 g6 21. Rg3 Qa5 22. Qxa5 1-0

[Event "*** Titled Tuesday Blitz"]
[Site "Chess.com"]
[Date "2020.05.12"]
[Round "2"]
[White "FM_VS99"]
[Black "SpasKozhuharov"]
[Result "0-1"]
[WhiteElo "2381"]
[BlackElo "2653"]
[TimeControl "180+1"]
[EndTime "10:16:13 PDT"]
[Termination "SpasKozhuharov won by resignation"]

1. c4 e5 2. Nf3 e4 3. Nd4 Nc6 4.
Nc2 Nf6 5. Nc3 Bc5 6. g3 d6 7. Bg2 Bf5 8. O-O O-O 9. a3 a5 10. Rb1 Re8 11. b4 axb4 12. axb4 Bb6 13. Ba3 e3 14. d3 exf2+ 15. Kh1 Qd7 16. c5 dxc5 17.
bxc5 Rxa3 18. Nxa3 Bxc5 19. Nc4 b6 20. Qa4 Nd4 21. Qxd7 Bxd7 22. Rxf2 Ng4 23. Rf4 g5 24. Rff1 Nxe2 25. Ne4 Be7 26. h3 f5 27. hxg4 fxe4 28.
Ne5 Nxg3+ 29. Kg1 Bc5+ 0-1

[Event "*** Titled Tuesday Blitz"]
[Site "Chess.com"]
[Date "2020.05.12"]
[Round "2"]
[White "exoticprincess"]
[Black "Slovak_fighter2000"]
[Result "1-0"]
[WhiteElo "2842"]
[BlackElo "2540"]
[TimeControl "180+1"]
[EndTime "10:16:14 PDT"]
[Termination "exoticprincess won by resignation"]

1. d4 Nf6 2. Nc3 d5 3. Bf4 e6 4.
Nb5 Na6 5. e3 c6 6. Nc3 Nc7 7. Nf3 Bd6 8. Ne5 Qe7 9. Qf3 Nd7 10.
Qg3 Bxe5 11. dxe5 O-O 12. O-O-O Kh8 13. h4 b5 14. Bd3 b4 15. Ne2 Ba6 16. Kb1 Bxd3 17.
cxd3 c5 18. h5 h6 19. Rh4 Nb5 20. Rg4 Rg8 21. Rc1 a5 22. e4 Nb6 23. Qe3 d4 24.
Qd2 Kh7 25. Ka1 a4 26. Bg3 a3 27. b3 Nc3 28. Nf4 Nd7 29. Ng6 fxg6 30. hxg6+ Kh8 31. Rh1 Rgf8 32. Rxh6+ gxh6 33. Qxh6+ Kg8 34. g7 Rfc8 35. Bh4 Qe8 36. Bf6 c4 37. Qh8+ Kf7 38. g8=Q+ Qxg8 39. Rg7+ 1-0

[Event "*** Titled Tuesday Blitz"]
[Site "Chess.com"]
[Date "2020.05.12"]
[Round "2"]
[White "robertofabregas"]
[Black "Kostya26"]
[Result "0-1"]
[WhiteElo "2099"]
[BlackElo "2400"]
[TimeControl "180+1"]
[EndTime "10:16:14 PDT"]
[Termination "Kostya26 won by resignation"]

1. c4 e6 2. Nf3 d5 3. d4 Nf6 4. g3 c6 5. Bg2 Be7 6. Nc3 O-O 7. O-O Nbd7 8. a4 a5 9. Re1 b6 10. Ne5 Nxe5 11. dxe5 Nd7 12. f4 Ba6 13. cxd5 cxd5 14. Qb3 Nc5 15. Qc2 Rc8 16. Bd2 d4 17. Nb5 d3 18.
Qd1 dxe2 19. Qxe2 Nd3 20. Red1 Nxb2 21. Rdb1 Rc2 22. Rxb2 Rxb2 23. Qe3 Bc5 0-1

[Event "*** Titled Tuesday Blitz"]
[Site "Chess.com"]
[Date "2020.05.12"]
[Round "2"]
[White "GodDMuhammad"]
[Black "manitodeplomo"]
[Result "1-0"]
[WhiteElo "2275"]
[BlackElo "2601"]
[TimeControl "180+1"]
[EndTime "10:16:16 PDT"]
[Termination "GodDMuhammad won by checkmate"]

1. f4 g6 2. Nf3 Bg7 3. g3 c5 4. d3 Nc6 5. c3 d5 6. Bg2 Nf6 7. Qc2 O-O 8. e4 c4 9. e5 cxd3 10. Qxd3 Bf5 11. Qe2 Ne4 12. Nh4 f6 13. Nxf5 gxf5 14.
exf6 Bxf6 15. O-O e6 16. Be3 Kh8 17. Nd2 Rg8 18. Nxe4 fxe4 19. Rad1 Qe7 20. f5 Bg5 21. fxe6 Qxe6 22. Rf2 Bxe3 23. Qxe3 Raf8 24. Rdf1 Rxf2 25. Rxf2 Re8 26. Rf4 b6 27. Rh4 Qe5 28. Qh6 Re7 29.
Qf8# 1-0

[Event "*** Titled Tuesday Blitz"]
[Site "Chess.com"]
[Date "2020.05.12"]
[Round "2"]
[White "Boudicca64"]
[Black "not_najdorfs_player"]
[Result "1-0"]
[WhiteElo "2017"]
[BlackElo "2362"]
[TimeControl "180+1"]
[EndTime "10:16:16 PDT"]
[Termination "Boudicca64 won by resignation"]

1. d4 d5 2. c4 e6 3. Nf3 Nf6 4. Nc3 Be7 5. Bg5 h6 6. Bxf6 Bxf6 7. e3 O-O 8. Qc2 c6 9. O-O-O Nd7 10. h4 dxc4 11. g4 b5 12. g5 Be7 13. gxh6 gxh6 14.
Be2 Kh8 15. Ng5 Bxg5 16. hxg5 Qxg5 17. Rdg1 Qxg1+ 18. Rxg1 Nf6 19. Ne4 Nxe4 20. Qxe4 Rg8 21. Rxg8+ Kxg8 22. Qxc6 Rb8 23. Qc7 Ra8 24. Bf3 Bb7 25.
Bxb7 Rf8 26. Be4 f5 27. Bc6 h5 28. Qe7 Rf7 29. Qg5+ Rg7 30. Qxh5 1-0

[Event "*** Titled Tuesday Blitz"]
[Site "Chess.com"]
[Date "2020.05.12"]
[Round "2"]
[White "GHANDEEVAM2003"]
[Black "Shoytan"]
[Result "0-1"]
[WhiteElo "2925"]
[BlackElo "2586"]
[TimeControl "180+1"]
[EndTime "10:16:19 PDT"]
[Termination "Shoytan won by resignation"]

1. e4 c5 2. Nf3 Nc6 3. d4 cxd4 4. Nxd4 Nf6 5. Nc3 e5 6. Ndb5 d6 7. Bg5 a6 8. Na3 b5 9. Nd5 Be7 10. Bxf6 Bxf6 11. c3 Ne7 12. Nc2 Nxd5 13. Qxd5 Be6 14.
Qc6+ Bd7 15. Qxd6 Be7 16. Qxe5 O-O 17. Be2 Re8 18. Rd1 Qc8 19. O-O Bc6 20. Qf4 Bf6 21. f3 a5 22. a3 b4 23. axb4 Ba4 24. Rc1 Bxc2 25. Rxc2 axb4 26. c4 b3 27. Rcc1 Qc5+ 28. Kh1 Bg5 29. Qg3 Bxc1 30. Rxc1 Qe3 31. Qe1 Ra2 32. Rc3 Qxe2 0-1

[Event "*** Titled Tuesday Blitz"]
[Site "Chess.com"]
[Date "2020.05.12"]
[Round "2"]
[White "moro182"]
[Black "TokChess"]
[Result "1-0"]
[WhiteElo "2666"]
[BlackElo "2429"]
[TimeControl "180+1"]
[EndTime "10:16:21 PDT"]
[Termination "moro182 won by resignation"]

1. d4 d5 2. Bf4 c6 3. e3 Nf6 4. c4 a6 5. Nf3 b5 6. c5 g6 7. h3 a5 8. Nc3 Bg7 9. a3 O-O 10. Be2 Nbd7 11. b4 Ne4 12. Nxe4 dxe4 13. Nd2 e5 14.
dxe5 Nxe5 15. O-O Nd3 16. Bd6 Bxa1 17. Qxa1 Re8 18. Qd4 axb4 19. Nxe4 Rxe4 20. Qxe4 Bf5 21. Qd4 Rxa3 22. g4 Qg5 23. Bg3 1-0

[Event "*** Titled Tuesday Blitz"]
[Site "Chess.com"]
[Date "2020.05.12"]
[Round "2"]
[White "ChristopherYoo"]
[Black "jtayar88"]
[Result "1-0"]
[WhiteElo "2906"]
[BlackElo "2557"]
[TimeControl "180+1"]
[EndTime "10:16:24 PDT"]
[Termination "ChristopherYoo won by resignation"]

1. e4 c5 2. Nf3 d6 3. d4 Nf6 4. Nc3 cxd4 5. Nxd4 a6 6. Bg5 e6 7. Qf3 Nbd7 8. O-O-O Qc7 9. Qg3 h6 10. Be3 Rb8 11.
f4 b5 12. e5 dxe5 13. fxe5 b4 14. Nxe6 fxe6 15. Qg6+ Kd8 16. exf6 bxc3 17. fxg7 Rxb2 18. Qf6+ Ke8 19. Qxe6+ Kd8 20. gxh8=Q 1-0

[Event "*** Titled Tuesday Blitz"]
[Site "Chess.com"]
[Date "2020.05.12"]
[Round "2"]
[White "deep306"]
[Black "miruna_daria28"]
[Result "1-0"]
[WhiteElo "2515"]
[BlackElo "2274"]
[TimeControl "180+1"]
[EndTime "10:16:25 PDT"]
[Termination "deep306 won on time"]

1. d4 Nf6 2. Bf4 e6 3. e3 d5 4. Nd2 Bd6 5. Bg3 O-O 6. c3 b6 7. Bd3 c5 8. Qe2 Bb7 9. Bxd6 Qxd6 10. f4 Nc6 11. Nh3 c4 12. Bc2 b5 13. O-O b4 14.
g4 bxc3 15. bxc3 Nd7 16. Qf2 Qe7 17. Nf3 Rab8 18. Bxh7+ Kxh7 19. Nhg5+ Kg8 20. Qh4 Nf6 21. Ne5 g6 22. Qh6 1-0

[Event "*** Titled Tuesday Blitz"]
[Site "Chess.com"]
[Date "2020.05.12"]
[Round "2"]
[White "Escanor89"]
[Black "FairChess_on_YouTube"]
[Result "0-1"]
[WhiteElo "2580"]
[BlackElo "3073"]
[TimeControl "180+1"]
[EndTime "10:16:26 PDT"]
[Termination "FairChess_on_YouTube won by resignation"]

1. c4 e5 2. Nc3 d6 3. g3 Be6 4. d3 c6 5. Bg2 g6 6. Nf3 Bg7 7. O-O Ne7 8. d4 O-O 9. b3 f5 10. Bb2 e4 11. Ne1 d5 12. cxd5 cxd5 13. e3 Nbc6 14.
Nc2 Rc8 15. Rc1 g5 16. Ne2 Bf7 17. Qd2 Bh5 18. f4 exf3 19. Bxf3 Bxf3 20. Rxf3 Qe8 21.
Ba3 Qh5 22. Rcf1 Rf6 23. Bxe7 Nxe7 24. Nb4 h6 25. Nd3 Rfc6 26. Qb4 R8c7 27. Nc5 Kh8 28. R3f2 Qg4 29. a4 Rxc5 0-1

[Event "*** Titled Tuesday Blitz"]
[Site "Chess.com"]
[Date "2020.05.12"]
[Round "2"]
[White "coalescenet"]
[Black "gahryman"]
[Result "0-1"]
[WhiteElo "2339"]
[BlackElo "2638"]
[TimeControl "180+1"]
[EndTime "10:16:26 PDT"]
[Termination "gahryman won by checkmate"]

1. d4 Nf6 2. c4 g6 3. Nc3 Bg7 4. Nf3 d6 5. Bg5 O-O 6. e3 c5 7. Be2 Nc6 8. d5 Na5 9. O-O a6 10. a3 b5 11. cxb5 axb5 12. b4 Nb7 13. Bxb5 cxb4 14.
axb4 Rxa1 15. Qxa1 Ne4 16. Nd4 Nxg5 17. f4 Bxd4 18.
exd4 Qb6 19. fxg5 Qxd4+ 20. Kh1 Qxb4 21. Rb1 Qf4 22. Ba6 Nc5 23. Ne2 Qxg5 24. Bxc8 Rxc8 25. Ng3 Nd3 26. Qa3 Qe3 27. Qa2 Rc1+ 28. Nf1 Nf2+ 29.
Kg1 Nh3+ 30. Kh1 Qg1# 0-1

[Event "*** Titled Tuesday Blitz"]
[Site "Chess.com"]
[Date "2020.05.12"]
[Round "2"]
[White "Islamovqaasim"]
[Black "Kobalia"]
[Result "0-1"]
[WhiteElo "2335"]
[BlackElo "2784"]
[TimeControl "180+1"]
[EndTime "10:16:26 PDT"]
[Termination "Kobalia won by resignation"]

1. d4 d5 2. Nf3 Nf6 3. c4 e6 4.
cxd5 exd5 5. Nc3 h6 6. Bf4 c6 7. e3 Bf5 8. Bd3 Bxd3 9. Qxd3 Bd6 10. Bg3 O-O 11. Ne5 Qe7 12. O-O Nbd7 13. Nxd7 Qxd7 14. Bxd6 Qxd6 15. e4 dxe4 16. Nxe4 Nxe4 17. Qxe4 Rfe8 18.
Qg4 Rad8 19. Rad1 Qd5 20. Rfe1 Rxe1+ 21. Rxe1 Qxa2 22. h3 Qxb2 23. Re7 a5 24. Qf4 Qb3 25. Qc7 Qd1+ 26. Kh2 Qxd4 27. Rxf7 Re8 28. Rf3 Qe5+ 29. Qxe5 Rxe5 30. Rb3 b5 31. Rc3 c5 32. Ra3 a4 33.
Kg3 c4 34. Kf4 Rc5 35. Ra1 c3 36. Ke3 c2 37. Rc1 b4 38. Kd4 Rc8 0-1

[Event "*** Titled Tuesday Blitz"]
[Site "Chess.com"]
[Date "2020.05.12"]
[Round "2"]
[White "ckgchess"]
[Black "MasterKroket"]
[Result "0-1"]
[WhiteElo "2646"]
[BlackElo "2441"]
[TimeControl "180+1"]
[EndTime "10:16:27 PDT"]
[Termination "MasterKroket won by checkmate"]

1. e4 c5 2. c3 Nf6 3. e5 Nd5 4. d4 cxd4 5. Qxd4 e6 6. Nf3 Nc6 7. Qe4 Nde7 8. Na3 Ng6 9. Nc4 f5 10. Qe2 Qc7 11. h4 b5 12. h5 bxc4 13. hxg6 h6 14.
Qxc4 a5 15. Bf4 Rb8 16. O-O-O Qb6 17. Rd2 Bc5 18. Ng5 Bxf2 19. Nf7 O-O 20. Qe2 Bc5 21. Qh5 Be3 22. Nxh6+ gxh6 23. Qxh6 Qxb2+ 24. Kd1 Qxd2# 0-1

[Event "*** Titled Tuesday Blitz"]
[Site "Chess.com"]
[Date "2020.05.12"]
[Round "2"]
[White "calin_dragomirescu"]
[Black "maciek_92"]
[Result "0-1"]
[WhiteElo "2320"]
[BlackElo "2637"]
[TimeControl "180+1"]
[EndTime "10:16:28 PDT"]
[Termination "maciek_92 won by resignation"]

1. Nf3 Nf6 2. c4 b6 3. g3 Bb7 4. Bg2 e6 5. O-O Be7 6. Nc3 O-O 7. Re1 d5 8. cxd5 exd5 9. d4 Nbd7 10. Bf4 a6 11. Rc1 Re8 12. Ne5 Nf8 13. h4 Ne6 14. a3 Nxf4 15. gxf4 g6 16. e3 Qd6 17. Bf3 Ne4 18. Nxe4 dxe4 19. Bg2 f6 20. Nc4 Qe6 21. Nd2 Bd6 22. h5 g5 23. Qc2 b5 24. Nb3 Bd5 25. Nc5 Qg4 26. Kf1 gxf4 27. Nxe4 Bxe4 28. Bxe4 f3 29.
Bxh7+ Kh8 30. Red1 Qg2+ 31. Ke1 Rxe3+ 32. fxe3 Bg3+ 0-1

[Event "*** Titled Tuesday Blitz"]
[Site "Chess.com"]
[Date "2020.05.12"]
[Round "2"]
[White "Hippotaner"]
[Black "BakaPG"]
[Result "0-1"]
[WhiteElo "2336"]
[BlackElo "2631"]
[TimeControl "180+1"]
[EndTime "10:16:29 PDT"]
[Termination "BakaPG won by checkmate"]

1. e4 e6 2. d3 d5 3. Nd2 Nf6 4. Ngf3 Bc5 5. e5 Nfd7 6. d4 Be7 7. c3 c5 8. Bd3 Nc6 9. O-O g5 10. Qe2 g4 11. Ne1 h5 12. dxc5 Bxc5 13. b4 Bb6 14.
Bb5 a6 15. Bxc6 bxc6 16. Nd3 a5 17. bxa5 Rxa5 18. Nb3 Ra4 19. Re1 Ba6 20. Qd1 Re4 21.
Rxe4 dxe4 22. Nb4 Bb7 23. Bf4 c5 24. Nc2 c4 25. Nbd4 Nc5 26. Ne3 Nd3 27. Qa4+ Kf8 28. g3 Bxd4 29. cxd4 Qxd4 30. Rb1 Bd5 31. Rb8+ Kg7 32.
Rxh8 Qa1+ 33. Nf1 Nxf4 34. Qe8 Nh3+ 35. Kg2 e3+ 36. f3 Bxf3# 0-1

[Event "*** Titled Tuesday Blitz"]
[Site "Chess.com"]
[Date "2020.05.12"]
[Round "2"]
[White "Richarzard69"]
[Black "crywolf1986"]
[Result "1-0"]
[WhiteElo "2271"]
[BlackElo "2520"]
[TimeControl "180+1"]
[EndTime "10:16:29 PDT"]
[Termination "Richarzard69 won by resignation"]

1. Nf3 d5 2. c4 c6 3. d4 e6 4.
Qc2 f5 5. Bg5 Nf6 6. e3 Be7 7.
Bd3 O-O 8. Nbd2 Ne4 9. Bxe7 Qxe7 10. Ne5 Nd7 11. Ndf3 Ndf6 12. O-O Bd7 13. b4 a6 14. Rab1 b5 15. cxd5 cxd5 16. Qb2 Rfc8 17. Rbc1 Be8 18. Nd2 Nd6 19. Nb3 Nc4 20. Bxc4 bxc4 21. Nc5 a5 22. b5 a4 23. b6 Rxc5 24. dxc5 Qxc5 25. b7 Rb8 26. Rb1 Bc6 27. Qb6 Qxb6 28. Rxb6 Be8 29. Rfb1 c3 30. Nc6 c2 31. Nxb8 cxb1=Q+ 32. Rxb1 Nd7 33.
Nxd7 1-0

[Event "*** Titled Tuesday Blitz"]
[Site "Chess.com"]
[Date "2020.05.12"]
[Round "2"]
[White "isla88"]
[Black "SerGo055"]
[Result "0-1"]
[WhiteElo "2293"]
[BlackElo "2555"]
[TimeControl "180+1"]
[EndTime "10:16:29 PDT"]
[Termination "SerGo055 won by resignation"]

1. d4 Nf6 2. Nc3 d5 3. Bf4 Bf5 4. e3 e6 5. Nf3 Bd6 6. Ne5 O-O 7. g4 Bg6 8. h4 h5 9. Nxg6 fxg6 10. Bxd6 Qxd6 11. Qd3 Nxg4 12. Qxg6 Nd7 13. Bd3 Ndf6 14. Rg1 Qh2 15. O-O-O Qxf2 16. e4 Qe3+ 17. Kb1 Qh6 18. exd5 Qxg6 19. Bxg6 exd5 20. Bxh5 Nf2 21. Rde1 Nxh5 22.
Re7 c6 23. Rg5 Nh3 0-1